 Dungeon Crawl Stone Soup version 0.19-a0-459-gb8ed64d (webtiles) character file.

21900 Geppetto the Transmogrifier (level 12, -3/112 HPs)
             Began as a Merfolk Transmuter on June 1, 2016.
             Was the Champion of Cheibriados.
             Slain by an eight-headed hydra (16 damage)
             ... on level 1 of the Lair of Beasts on June 2, 2016.
             The game lasted 01:31:10 (16501 turns).

Geppetto the Transmogrifier (Merfolk Transmuter)   Turns: 16501, Time: 01:31:11

Health: -3/112     AC:  2    Str: 26    XL:     12   Next: 94%
Magic:  15/18      EV: 35    Int: 28    God:    Cheibriados [******]
Gold:   315        SH:  0    Dex: 38    Spells: 6 memorised, 5 levels left

rFire  + . .     SeeInvis .       - Unarmed
rCold  . . .     Gourm    .     (armour currently unavailable)
rNeg   . . .     Faith    .     (shield currently unavailable)
rPois  x         Spirit   .     (helmet currently unavailable)
rElec  .         Dismiss  .     (cloak currently unavailable)
rCorr  .         Reflect  .     (gloves currently unavailable)
SustAt +         Harm     .     (boots currently unavailable)
MR     .....                    B - amulet of Vitality {Regen+ HP+15}
Stlth  ++++......               W - ring of protection from fire
                                E - ring of sustain attributes

@: spider-form, very slow, not resistant to hostile enchantments, stealthy
A: (change form in water), (swift swim), thin skeletal structure 1, blurry
vision 1, deterioration 1, dopey 1, low mp 1, subdued magic 1
a: End Transformation, Bend Time, Temporal Distortion, Slouch, Step From Time,
Renounce Religion


You were on level 1 of the Lair of Beasts.
You worshipped Cheibriados.
Cheibriados was exalted by your worship.
You were hungry.
You were a venomous arachnid creature.
You visited 3 branches of the dungeon, and saw 14 of its levels.
You also visited: Bailey.

You collected 1005 gold pieces.
You spent 690 gold pieces at shops.

Inventory:

Missiles
 g - 380 stones (quivered)
 n - 173 arrows
 L - 2 tomahawks
Armour
 s - a +2 pair of gloves (melded)
 v - a +2 cloak of magic resistance (melded)
 A - a +2 robe of magic resistance
 R - the +2 ring mail of the Eternal Fruit (melded) {rN+ Regen+ Str-3 SInv}
   (You found it on level 12 of the Dungeon)

   It affects your strength (-3).
   It protects you from negative energy.
   It lets you see invisible.
   It increases your rate of regeneration.
Jewellery
 B - the amulet of Vitality (around neck) {Regen+ HP+15}
   (You found it on level 5 of the Dungeon)

   [amulet of regeneration]

   It affects your health (+15).
   It increases your rate of regeneration.
 E - a ring of sustain attributes (left front leg)
 K - an uncursed ring of positive energy
 W - a ring of protection from fire (right front leg)
Wands
 f - a wand of paralysis (23/24)
 l - a wand of random effects (39/48)
 w - a wand of lightning (5/15)
 y - a wand of iceblast (4/15)
 C - a wand of paralysis (15/24)
 D - a wand of lightning (11/15)
 N - a wand of flame (25/48)
 O - a wand of disintegration (13/24)
 P - a wand of slowing (30/48)
Scrolls
 k - 6 scrolls of enchant weapon
 r - 4 scrolls of magic mapping
 x - 3 scrolls of teleportation
 z - 3 scrolls of fog
 Q - a scroll of recharging
 S - 2 scrolls of amnesia
 U - 3 scrolls of enchant armour
 V - 2 scrolls of summoning
Potions
 a - a potion of flight
 b - a potion of brilliance {unknown}
 e - 2 potions of might
 i - 2 potions of invisibility
 j - a potion of heal wounds
 p - 4 potions of agility
 q - a potion of cancellation
 t - 2 potions of ambrosia
 u - 8 potions of curing
 F - 2 potions of berserk rage
 I - a potion of lignification
 M - a potion of haste
Books
 c - a book of Changes

   Spells                             Type                      Level
   a - Beastly Appendage              Transmutation                1
   b - Sticks to Snakes               Transmutation                2
   c - Spider Form                    Transmutation/Poison         3
   d - Ice Form                       Ice/Transmutation            4
   e - Blade Hands                    Transmutation                5
 J - a Grand Grimoire

   Spells                             Type                      Level
   a - Monstrous Menagerie            Summoning                    7
   b - Summon Greater Demon           Summoning                    7
   c - Malign Gateway                 Summoning/Translocation      7
   d - Summon Horrible Things         Summoning                    8
 T - an Akashic Record

   Spells                             Type                      Level
   a - Dispersal                      Translocation                6
   b - Malign Gateway                 Summoning/Translocation      7
   c - Disjunction                    Translocation                8
   d - Controlled Blink               Translocation                8
 Y - a book of Battle

   Spells                             Type                      Level
   a - Infusion                       Charms                       1
   b - Shroud of Golubria             Charms/Translocation         2
   c - Song of Slaying                Charms                       2
   d - Spectral Weapon                Hexes/Charms                 3
   e - Regeneration                   Charms/Necromancy            3
Comestibles
 d - 10 bread rations
 h - 3 meat rations
 m - a slice of pizza
 o - 8 fruits
 G - 2 beef jerkies
 H - a chunk of flesh
 X - 4 royal jellies


   Skills:
 - Level 9.8 Fighting
 - Level 5.0 Armour
 - Level 10.0 Dodging
 + Level 0.5 Stealth
 * Level 8.4 Unarmed Combat
 - Level 5.6 Spellcasting
 + Level 4.6 Charms
 - Level 14.0 Transmutations
 - Level 5.1 Ice Magic
 - Level 5.5 Poison Magic


You had 5 spell levels left.
You knew the following spells:

 Your Spells              Type           Power        Failure   Level  Hunger
a - Beastly Appendage     Tmut           ######       1%          1    None
b - Sticks to Snakes      Tmut           ######..     1%          2    None
c - Blade Hands           Tmut           ######....   3%          5    #####..
d - Spider Form           Tmut/Pois      #####.....   2%          3    None
e - Ice Form              Ice/Tmut       #####...     4%          4    ###....
f - Shroud of Golubria    Chrm/Tloc      ###.......   12%         2    None


Dungeon Overview and Level Annotations

Branches:
Dungeon (12/15)            Temple (1/1) D:4            Lair (1/8) D:9
    Orc (0/2) D:9

Altars:
Ashenzari
Cheibriados
Dithmenos
Elyvilon
Fedhas
Gozag
Hepliaklqana
Kikubaaqudgha
Makhleb
Nemelex Xobeh
Okawaru
Pakellas
Qazlal
Ru
Sif Muna
Trog
Uskayaw
Vehumet
Xom
Yredelemnul
Zin
The Shining One

Shops:
D:12 *


Innate Abilities, Weirdness & Mutations

((You revert to your normal form in water.))
((You are very nimble and swift while swimming.))
You have a somewhat thin skeletal structure. (Dex +2, Stealth)
Scrolls take you a little longer to read.
Your body sometimes deteriorates upon taking damage.
You are dopey. (Int -2)
Your magical capacity is low. (-10% MP)
Your spells are a little easier to cast, but a little less powerful.


Message History

You hit the eight-headed hydra.
The eight-headed hydra is lightly wounded.
The eight-headed hydra completely misses you.
The eight-headed hydra closely misses you.
The eight-headed hydra bites you.
* * * LOW HITPOINT WARNING * * *
The eight-headed hydra completely misses you.
The eight-headed hydra barely misses you.
The eight-headed hydra bites you!
* * * LOW HITPOINT WARNING * * *
The eight-headed hydra completely misses you.
The eight-headed hydra closely misses you.
Okay, then.
Okay, then.
You feel much better. The eight-headed hydra bites you!
* * * LOW HITPOINT WARNING * * *
The eight-headed hydra completely misses you. x5
The eight-headed hydra bites you but does no damage.
The eight-headed hydra bites you!
You die...

###P#.#+### ####..#
#.#.# ###..# ## #
##...#### ###P#+.##
##...###.# #.......P
#.......## ###........
#........#####.D.......#
#.......#.....s#.....$.#
#.......#.#.####.......#
#..........## #.......+
#........#### #........
##.......# #.......#
#.......# #########
....... P##


You could see an eight-headed hydra.

Vanquished Creatures
  The ghost of tstbtto the Severer, a journeyman DDGl of Ru (D:12)
  Erolcha (D:9)
  2 unseen horrors
  4 hill giants
  Pikel (D:5)
  A wolf spider zombie (D:12)
  2 ugly things
  2 manticores
  Maurice (D:12)
  Psyche (D:8)
  2 trolls (D:10)
  6 slime creatures (D:12)
  Sigmund (D:6)
  A shadow (D:8)
  2 wyverns (D:10)
  A wraith (D:12)
  17 yaks
  3 hippogriffs
  A basilisk (D:12)
  2 wargs (D:9)
  The ghost of Geppetto the Insei, an amateur OpTm (D:4)
  A mottled dragon (D:11)
  A porcupine (Lair:1)
  A black bear (D:9)
  4 orc warriors
  An ice beast (D:7)
  2 slaves (D:5)
  A necrophage (D:10)
  A sky beast (D:11)
  7 ogres
  10 centaurs
  A crocodile (D:12)
  A big kobold (D:10)
  8 giant frogs
  A wyvern skeleton (D:11)
  4 scorpions
  2 water moccasin skeletons
  12 killer bees (D:10)
  A troll skeleton (D:12)
  5 wights (D:12)
  4 spriggan skeletons (D:12)
  2 electric eels (D:10)
  3 howler monkeys (D:8)
  6 crimson imps
  A wasp zombie (D:11)
  A giant frog zombie (D:7)
  A quasit (D:10)
  2 jellies
  6 orc priests
  3 giant frog skeletons
  3 gnoll shamans (D:3)
  2 hounds
  Crazy Yiuf (D:5)
  5 centaur skeletons
  8 orc wizards
  Terence (D:3)
  5 iguanas
  11 worker ants
  A hound skeleton (D:6)
  49 gnolls
  10 adders
  4 shadow imps
  2 oozes
  An adder skeleton (D:7)
  2 adder zombies
  A worm (D:2)
  4 dart slugs
  5 giant geckos
  46 orcs
  A ball python (D:3)
  9 giant cockroaches
  8 goblins
  4 hobgoblins
  26 jackals
  20 kobolds
  6 quokkas
  6 bats
  8 giant newts
  A quokka zombie (D:5)
  6 rats
402 creatures vanquished.

Vanquished Creatures (collateral kills)
  3 orc knights (Bailey)
  7 orc warriors (Bailey)
  An ogre (D:3)
  2 gnolls (D:3)
  3 adders (D:2)
  18 orcs
  2 goblins (D:2)
  A jackal (D:3)
  A ball python (D:3)
  2 rats (D:2)
40 creatures vanquished.

Vanquished Creatures (others)
  A vampire (D:12)
  A centaur (D:5)
  Blork the orc (D:5)
  A centaur zombie (D:5)
  A hound skeleton (D:5)
  A shadow imp (D:5)
  A giant cockroach (D:5)
  2 plants (D:3)
9 creatures vanquished.

Grand Total: 451 creatures vanquished

Notes
Turn   | Place    | Note
--------------------------------------------------------------
     0 | D:1      | Geppetto the Merfolk Transmuter began the quest for the Orb.
     0 | D:1      | Reached XP level 1. HP: 15/15 MP: 3/3
     0 | D:1      | Noticed a tentacled monstrosity
     2 | D:1      | Noticed a tentacled monstrosity
     2 | D:1      | Noticed a large abomination
     4 | D:1      | Noticed a large abomination
     5 | D:1      | Noticed a shadow dragon
     6 | D:1      | Noticed an orb of fire
     7 | D:1      | Noticed a red draconian
     8 | D:1      | Noticed an iron dragon
    12 | D:1      | Noticed an orb of fire
    14 | D:1      | Noticed an orb of fire
    14 | D:1      | Noticed a shadow dragon
    14 | D:1      | Noticed a tentacled monstrosity
    16 | D:1      | Noticed a tentacled monstrosity
    16 | D:1      | Noticed an iron dragon
    18 | D:1      | Noticed a shadow dragon
    20 | D:1      | Noticed a large abomination
   118 | D:1      | Reached skill level 3 in Transmutations
   461 | D:1      | Reached XP level 2. HP: 19/21 MP: 3/5
   713 | D:1      | Learned a level 2 spell: Sticks to Snakes
   914 | D:1      | Reached XP level 3. HP: 5/26 MP: 4/6
  1579 | D:2      | Reached skill level 4 in Transmutations
  1876 | D:2      | Reached XP level 4. HP: 32/32 MP: 2/7
  2142 | D:2      | Found a glowing golden altar of the Shining One.
  3024 | D:3      | Noticed Terence
  3035 | D:3      | Killed Terence
  3035 | D:3      | Reached XP level 5. HP: 35/41 MP: 1/8
  3621 | D:3      | Noticed an ogre
  3888 | D:3      | Killed an ogre
  3888 | D:3      | Reached skill level 5 in Transmutations
  3888 | D:3      | Reached XP level 6. HP: 49/49 MP: 5/9
  3895 | D:3      | Learned a level 5 spell: Blade Hands
  4091 | D:3      | Reached skill level 5 in Fighting
  4561 | D:3      | Reached XP level 7. HP: 56/56 MP: 8/10
  4660 | D:3      | Reached skill level 6 in Transmutations
  5766 | D:3      | Reached skill level 5 in Unarmed Combat
  6845 | D:4      | Reached XP level 8. HP: 47/64 MP: 11/11
  7204 | D:4      | Noticed Geppetto's ghost (amateur OpTm)
  7214 | D:4      | Killed Geppetto's ghost
  7214 | D:4      | Reached skill level 7 in Transmutations
  7467 | D:4      | Found a staircase to the Ecumenical Temple.
  7476 | Temple   | Entered the Ecumenical Temple
  7483 | Temple   | Became a worshipper of Cheibriados the Contemplative
  7757 | D:4      | Learned a level 3 spell: Spider Form
  8146 | D:5      | Entered Level 5 of the Dungeon
  8581 | D:5      | Noticed Crazy Yiuf
  8794 | D:5      | Killed Crazy Yiuf
  8988 | D:5      | Noticed Pikel
  9000 | D:5      | Killed Pikel
  9000 | D:5      | Reached skill level 8 in Transmutations
  9069 | D:5      | Reached skill level 5 in Dodging
  9162 | D:5      | Noticed Blork the orc
  9215 | D:5      | Killed Blork the orc
  9264 | D:5      | Reached XP level 9. HP: 57/69 MP: 12/12
  9363 | D:5      | Found a shattered altar of Ashenzari.
  9418 | D:5      | Reached * piety under Cheibriados
  9589 | D:5      | Reached skill level 9 in Transmutations
  9812 | D:5      | Found a deep blue altar of Sif Muna.
  9822 | D:5      | Found a radiant altar of Vehumet.
 10018 | D:6      | Noticed Sigmund
 10024 | D:6      | Killed Sigmund
 10269 | D:6      | Reached ** piety under Cheibriados
 11031 | D:7      | Reached skill level 5 in Poison Magic
 11173 | D:7      | Reached skill level 10 in Transmutations
 11275 | D:8      | Reached *** piety under Cheibriados
 11450 | D:8      | Reached XP level 10. HP: 79/79 MP: 7/13
 11698 | D:8      | Noticed Psyche
 11704 | D:8      | Killed Psyche
 12189 | D:9      | Noticed Erolcha
 12197 | D:9      | Killed Erolcha
 12197 | D:9      | Reached skill level 11 in Transmutations
 12266 | D:9      | Reached **** piety under Cheibriados
 12345 | D:9      | Reached XP level 11. HP: 45/90 MP: 13/17
 12422 | D:9      | Found a staircase to the Lair.
 12552 | D:9      | You fall through a shaft for 3 floors!
 12552 | D:12     | Found Qumew's Assorted Antiques.
 12608 | D:12     | Got a brightly glowing ring mail
 12619 | D:12     | Identified the +2 ring mail of the Eternal Fruit {rN+ Regen+ Str-3 SInv} (You found it on level 12 of the Dungeon)
 12725 | D:12     | Noticed a manticore
 12735 | D:12     | Killed a manticore
 12735 | D:12     | Reached skill level 1 in Armour
 12740 | D:12     | Noticed Maurice
 12744 | D:12     | Killed Maurice
 12744 | D:12     | Reached skill level 5 in Spellcasting
 12753 | D:12     | Reached ***** piety under Cheibriados
 12776 | D:12     | Noticed tstbtto's ghost (journeyman DDGl)
 12800 | D:12     | Killed tstbtto's ghost
 12800 | D:12     | Reached skill level 12 in Transmutations
 12912 | D:12     | Learned a level 4 spell: Ice Form
 12955 | D:12     | Noticed a green ugly thing
 12963 | D:12     | Killed a green ugly thing
 12967 | D:12     | Gained mutation: Your magical capacity is low. (-10% MP) [mutagenic meat]
 13004 | D:12     | Reached skill level 1 in Ice Magic
 13186 | D:11     | Gained mutation: You tend to lose your temper in combat. [mutagenic meat]
 13187 | D:11     | Lost mutation: You tend to lose your temper in combat. [mutagenic meat]
 13188 | D:11     | Gained mutation: You have a somewhat thin skeletal structure. (Dex +2, Stealth) [mutagenic meat]
 13189 | D:11     | Gained mutation: Your body sometimes deteriorates upon taking damage. [mutagenic meat]
 13207 | D:11     | Noticed a hill giant
 13219 | D:11     | Killed a hill giant
 13540 | D:11     | Noticed a manticore
 13549 | D:11     | Killed a manticore
 13549 | D:11     | Reached XP level 12. HP: 59/97 MP: 18/18
 13633 | D:10     | Entered Level 10 of the Dungeon
 13650 | D:10     | Reached skill level 5 in Armour
 13669 | D:10     | Found a flagged portal.
 13683 | Bailey   | Entered a bailey
 13794 | Bailey   | Reached ****** piety under Cheibriados
 13794 | Bailey   | Reached skill level 13 in Transmutations
 14279 | D:10     | Upgraded the game from 0.19-a0-450-g98b348d to 0.19-a0-459-gb8ed64d
 14539 | D:9      | You fall through a shaft for 3 floors!
 14712 | D:12     | Reached skill level 5 in Ice Magic
 14972 | D:12     | Bought a papyrus book for 345 gold pieces
 14972 | D:12     | Bought a leatherbound book for 345 gold pieces
 14975 | D:12     | Learned a level 2 spell: Shroud of Golubria
 15117 | D:11     | Reached skill level 1 in Charms
 15250 | D:11     | Gained mutation: You are dopey. (Int -2) [mutagenic meat]
 15251 | D:11     | Gained mutation: Scrolls take you a little longer to read. [mutagenic meat]
 15252 | D:11     | Gained mutation: Your spells are a little easier to cast, but a little less powerful. [mutagenic meat]
 15701 | D:10     | Reached skill level 10 in Dodging
 15813 | D:10     | Reached skill level 14 in Transmutations
 16122 | D:9      | Found a staircase to the Orcish Mines.
 16334 | Lair:1   | Entered Level 1 of the Lair of Beasts
 16424 | Lair:1   | Noticed an eight-headed hydra
 16500 | Lair:1   | HP: 5/112 [eight-headed hydra (16)]
 16501 | Lair:1   | Slain by an eight-headed hydra

Vault maps used:
D:1:      shiori_arrival_whats_in_store_for_you, minmay_misc_feat_tower
D:2:      tso_metal_star, hangedman_feature_mirror, kennysheep_doodads
D:3:      lemuel_castle_with_subvaults, first_bread, minmay_goblin_kobold_house,
          uniq_terence
D:4:      minmay_temple_entry_junction, hangedman_minor_gate_pass
D:5:      minitemple, overflow_temple_1_default, uniq_crazy_yiuf_cottage,
          uniq_pikel, uniq_blork_the_orc
D:6:      uniq_sigmund
D:8:      uniq_psyche
D:9:      erik_lair_orcish_takeover, orc_0_dummy, uniq_erolcha
D:10:     enter_bailey_3, serial_co_window_serial, co_window_paths_a,
          co_window_paths_a, co_window_paths_b, co_window_paths_b,
          co_window_paths_a, co_window_2corner, co_window_cross_2,
          co_window_2corner, co_window_paths_c, co_window_paths_e,
          corner_web_ring
D:12:     serial_shops, shop, hangedman_tell_no_tales, uniq_maurice
Temple:   nicolae_temple_no_exploring_needed
Lair:1:   uniq_urug
Bailey:   bailey_polearm_5, bailey

Skill      XL: |  1  2  3  4  5  6  7  8  9 10 11 12 |
---------------+-------------------------------------+-----
Transmutations | 3 4 5 6 8 10 11 12 14 | 14.0
Unarmed Combat | 4 5 6 8 |  8.4
Fighting       | 3 4 5 6 7 9 |  9.8
Dodging        | 5 6 10 | 10.0
Poison Magic   | 3 5 |  5.5
Spellcasting   | 4 5 |  5.6
Armour         | 4 5 |  5.0
Ice Magic      | 3 5 |  5.1
Charms         | 4 |  4.6
Stealth        | |  0.5

Action                   |  1- 3 |  4- 6 |  7- 9 | 10-12 || total
-------------------------+-------+-------+-------+-------++-------
Melee: Unarmed           |   105 |   194 |   533 |   523 ||  1355
       Headbutt          |    12 |    33 |    65 |       ||   110
       Punch             |     1 |     1 |    10 |    13 ||    25
       Tailslap          |       |     7 |    17 |     2 ||    26
Throw: Stone             |    46 |    99 |    74 |       ||   219
 Cast: Beastly Appendage |    21 |    38 |    71 |     2 ||   132
       Sticks to Snakes  |     5 |    21 |    12 |    23 ||    61
       Spider Form       |       |       |    19 |    30 ||    49
       Blade Hands       |       |       |     5 |    42 ||    47
       Ice Form          |       |       |       |     2 ||     2
  Use: Scroll            |     5 |     5 |     8 |    10 ||    28
       Potion            |     1 |       |     1 |     4 ||     6
 Stab: Sleeping          |     1 |     1 |     5 |     6 ||    13
       Distracted        |       |       |       |     2 ||     2
  Eat: Chunk             |     4 |     6 |    22 |    29 ||    61
       Bread ration      |       |     1 |     1 |       ||     2
Armor: Robe              |    27 |    16 |    37 |    12 ||    92
       Skin              |       |       |     1 |    26 ||    27
       Ring mail         |       |       |       |    30 ||    30
Dodge: Dodged            |    85 |    97 |   359 |   742 ||  1283
